 Dungeon Crawl Stone Soup version 0.20.1-1-g8b1a95d (webtiles) character file.

439 motkurip the Ruffian (level 6, 0/48 HPs)
             Began as a Demigod Transmuter on Aug 4, 2017.
             Slain by a wight
             ... wielding a cursed +0 war axe
              (2 damage)
             ... in an ossuary.
             The game lasted 00:16:10 (4617 turns).

motkurip the Ruffian (Demigod Transmuter)           Turns: 4617, Time: 00:16:10

Health: 0/48       AC:  2    Str: 17    XL:     6   Next: 41%
Magic:  2/11       EV: 23    Int: 19    God:
Gold:   172        SH:  0    Dex: 26    Spells: 2/8 levels left

rFire    . . .     SeeInvis .     - Unarmed
rCold    . . .     Gourm    .   (shield currently unavailable)
rNeg     . . .     Faith    .   (armour currently unavailable)
rPois    x         Spirit   .   (helmet currently unavailable)
rElec    .         Reflect  .   (cloak currently unavailable)
rCorr    .         Harm     .   (gloves currently unavailable)
MR       .....     Rnd*Rage +   (boots currently unavailable)
Stlth    +++.......             u - amulet of rage
Regen    0.2/turn               (no ring)
MPRegen  0.2/turn               (no ring)

@: agile, spider-form (expiring), heavily drained, invisible
A: berserk 1, clever 1, high mp 1
a: End Transformation, Evoke Berserk Rage


You were in an ossuary.
You were not hungry.
You were a venomous arachnid creature.
You visited 1 branch of the dungeon, and saw 4 of its levels.
You also visited: Ossuary.

You collected 172 gold pieces.

Inventory:

Hand Weapons
 k - a +1 hunting sling
 r - a +0 halberd
Missiles
 a - 85 arrows
 g - 151 stones (quivered)
Armour
 b - a +0 robe (melded)
 f - a +0 leather armour
 l - a +0 pair of gloves (melded)
 m - +0 swamp dragon scales
 w - a +0 pair of gloves
 B - a +0 helmet (melded)
Jewellery
 u - an amulet of rage (around neck)
Wands
 o - a wand of random effects (29/48)
Scrolls
 h - 2 scrolls of recharging
 i - a scroll of fear {unknown}
 n - 3 scrolls of remove curse
 p - a scroll of enchant armour
 q - 2 scrolls of enchant weapon
Potions
 e - a potion of mutation
 j - a potion of agility
 s - a potion of lignification {unknown}
 t - a potion of invisibility
 v - a potion of ambrosia {unknown}
 z - 2 potions of curing {unknown}
 A - a potion of magic {unknown}
Books
 c - a book of Changes

   Spells                             Type                      Level
   a - Beastly Appendage              Transmutation                1
   b - Sticks to Snakes               Transmutation                2
   c - Spider Form                    Transmutation/Poison         3
   d - Ice Form                       Ice/Transmutation            4
   e - Blade Hands                    Transmutation                5
 y - a book of Maledictions

   Spells                             Type                      Level
   a - Corona                         Hexes                        1
   b - Ensorcelled Hibernation        Hexes/Ice                    2
   c - Confuse                        Hexes                        3
   d - Tukima's Dance                 Hexes                        3
   e - Dazzling Spray                 Conjuration/Hexes            3
Comestibles
 d - 3 bread rations


   Skills:
 - Level 2.0(0.5) Fighting
 - Level 2.4(0.9) Dodging
 + Level 4.5(2.9) Unarmed Combat
 - Level 1.7(0.2) Spellcasting
 + Level 4.1(2.5) Transmutations
 - Level 2.0(0.5) Poison Magic


You had 2 spell levels left.
You knew the following spells:

 Your Spells              Type           Power        Failure   Level  Hunger
a - Beastly Appendage     Tmut           #.....       19%         1    ##.....
b - Sticks to Snakes      Tmut           #.......     26%         2    ###....
c - Spider Form           Tmut/Pois      #.........   54%         3    ####...


Dungeon Overview and Level Annotations

Branches:
Dungeon (4/15)             Temple (0/1) D:4

Annotations:
D:1 exclusion: downstairs
D:4 greprep's ghost, amateur MiFi


Innate Abilities, Weirdness & Mutations

You have an increased reservoir of magic. (+10% MP)
You tend to lose your temper in combat.
Your mind is acute. (Int +2)


Message History

Confirm with . or Enter, or press ? or * to list all spells.
You turn into a venomous arachnid creature.
Your +0 helmet melds into your body.
Your +0 pair of gloves melds into your body.
Your +0 robe melds into your body.
The wight hits you with a war axe.
* * * LOW HITPOINT WARNING * * *
You feel drained.
Okay, then.
It was a potion of mutation.
You feel extremely strange.
You feel a little pissed off.
You feel clever. The wight hits you but does no damage.
It was a potion of agility.
You feel agile all of a sudden. The wight completely misses you.
It was a potion of invisibility.
You fade into invisibility!
The wight hits you with a war axe!
* * * LOW HITPOINT WARNING * * *
You feel drained.
You die...

### ### ..## ##.##
...## #...## #...#
##....# ....#####
##.zs..# .....#..##
##......#
.......#.###.......#
....z.###...#...∩..#
....#.# ######.....#
...#### ###...# ..##
##.## '### ## .'.#


You could see a wight.

Vanquished Creatures
  A vampire bat (D:3)
  4 gnolls
  7 adders
  An ooze (D:2)
  An adder zombie (Ossuary)
  A worm (D:3)
  2 dart slugs
  3 fire bats (D:3)
  3 leopard geckos (D:1)
  3 orcs (D:3)
  2 spectral bats (D:3)
  3 bat skeletons (D:3)
  6 giant cockroaches
  4 goblins
  8 hobgoblins
  3 jackals
  13 kobolds
  A quokka (D:4)
  18 bats
  4 frilled lizards
  A hobgoblin skeleton (Ossuary)
  6 rats
95 creatures vanquished.

Vanquished Creatures (collateral kills)
  A phantom (D:4)
  An ogre (D:4)
  2 gnolls
  An adder (D:1)
  A bat zombie (D:3)
  A hobgoblin (D:1)
  A bat simulacrum (D:3)
8 creatures vanquished.

Grand Total: 103 creatures vanquished

Notes
Turn   | Place    | Note
-------+----------+-------------------------------------------
     0 | D:1      | motkurip the Demigod Transmuter began the quest for the Orb.
     0 | D:1      | Reached XP level 1. HP: 15/15 MP: 5/5
    13 | D:1      | Reached skill level 1 in Fighting
   209 | D:1      | Reached XP level 2. HP: 8/23 MP: 5/7
   528 | D:1      | Learned a level 2 spell: Sticks to Snakes
   925 | D:1      | Reached XP level 3. HP: 9/28 MP: 2/8
  1881 | D:2      | Found a shimmering altar of Xom.
  2045 | D:2      | Reached XP level 4. HP: 12/35 MP: 7/9
  2337 | D:1      | Learned a level 3 spell: Spider Form
  3193 | D:3      | Reached XP level 5. HP: 37/41 MP: 10/10
  3219 | D:3      | Found a sacrificial altar of Ru.
  3238 | D:3      | Found a radiant altar of Vehumet.
  3420 | D:3      | Reached skill level 1 in Poison Magic
  3977 | D:4      | Noticed an ogre
  3988 | D:4      | Killed an ogre
  3988 | D:4      | Reached XP level 6. HP: 48/48 MP: 5/11
  4062 | D:4      | Found a shadowy altar of Dithmenos.
  4104 | D:4      | Found a staircase to the Ecumenical Temple.
  4374 | D:4      | Noticed greprep's ghost (amateur MiFi)
  4524 | D:4      | Found a sand-covered staircase.
  4528 | Ossuary  | Entered an ossuary
  4615 | Ossuary  | Gained mutation: You tend to lose your temper in combat. [potion of mutation]
  4615 | Ossuary  | Gained mutation: Your mind is acute. (Int +2) [potion of mutation]
  4617 | Ossuary  | HP: 2/48 [wight/war axe (9)]
  4617 | Ossuary  | Slain by a wight

Skill      XL: |  1  2  3  4  5  6 |
---------------+-------------------+-----
Fighting       | 1 2 |  2.0
Transmutations | 2 3 4 |  4.1
Unarmed Combat | 3 4 |  4.5
Dodging        | 2 |  2.4
Poison Magic   | 1 2 |  2.0
Spellcasting   | |  1.7

Action                   |  1- 3 |  4- 6 || total
-------------------------+-------+-------++-------
Melee: Unarmed           |   105 |   177 ||   282
       Kick              |    14 |    32 ||    46
       Headbutt          |    10 |     4 ||    14
       Punch             |       |     3 ||     3
 Fire: Hunting sling     |    10 |    28 ||    38
 Cast: Beastly Appendage |    26 |    30 ||    56
       Sticks to Snakes  |     5 |    18 ||    23
       Spider Form       |       |     3 ||     3
Evoke: Wand              |       |     7 ||     7
  Use: Scroll            |       |     5 ||     5
       Potion            |       |     3 ||     3
 Stab: Sleeping          |     1 |     3 ||     4
       Distracted        |       |     1 ||     1
  Eat: Chunk             |     2 |     9 ||    11
       Royal jelly       |     1 |       ||     1
       Meat ration       |       |     1 ||     1
Armor: Robe              |    31 |    71 ||   102
       Skin              |       |     1 ||     1
Dodge: Dodged            |    88 |   212 ||   300
